 Dungeon Crawl Stone Soup version 0.17-a0-2073-gde5cdba (webtiles) character file.

214 patman the Ducker (level 5, -5/34 HPs)
             Began as an Octopode Assassin on Oct 14, 2015.
             Was a Follower of Okawaru.
             Killed by nerve-wracking pain
             ... invoked by Grinder
              (9 damage)
             ... while paralysed by Grinder
             ... on level 3 of the Dungeon.
             The game lasted 00:05:14 (1234 turns).

patman the Ducker (Octopode Assassin)               Turns: 1234, Time: 00:05:14

Health: -5/34      AC:  1    Str: 10    XL:     5   Next: 92%
Magic:  5/5        EV:  2    Int: 14    God:    Okawaru [*.....]
Gold:   73         SH:  0    Dex: 14    Spells: 0 memorised, 4 levels left

rFire  . . .     SeeInvis .     a - +2 dagger
rCold  . . .     Clarity  .     (no shield)
rNeg   . . .     SustAt   .     (helmet restricted)
rPois  .         Gourm    .     (no amulet)
rElec  .         Spirit   .     (no ring)
rCorr  .         Warding  .     (no ring)
rMut   .         Stasis   .     (no ring)
MR     .....                    (no ring)
Stlth  ++++......               (no ring)
                                (no ring)
                                (no ring)
                                (no ring)

@: paralysed, not resistant to hostile enchantments, stealthy
A: almost no armour, amphibious, 8 rings, constrict 8, camouflage 1, gelatinous
body 1
a: Heroism, Renounce Religion


You were on level 3 of the Dungeon.
You worshipped Okawaru.
Okawaru was aware of your devotion.
You were not hungry.

You visited 1 branch of the dungeon, and saw 3 of its levels.

You collected 73 gold pieces.

Inventory:

Hand Weapons
 a - a +2 dagger (weapon)
 b - a +0 blowgun
Missiles
 c - 8 poisoned needles
 d - 2 curare-tipped needles
 k - 62 stones (quivered)
Wands
 p - a wand of slowing (11)
Scrolls
 g - a scroll of magic mapping
 l - a scroll of identify
 m - a scroll of blinking {unknown}
 o - a scroll of recharging {unknown}
 q - a scroll of enchant weapon {unknown}
 r - a scroll of remove curse
Potions
 f - 2 potions of curing
 j - a potion of degeneration {unknown}
Comestibles
 e - 2 bread rations
 i - 3 meat rations
 n - a beef jerky
 s - a chunk of flesh


   Skills:
 * Level 2.0 Fighting
 - Level 2.0 Short Blades
 - Level 2.0 Throwing
 * Level 5.6 Dodging
 - Level 5.3 Stealth


You had 4 spell levels left.
You didn't know any spells.

Dungeon Overview and Level Annotations

Branches:
Dungeon (3/15)

Altars:
Ashenzari
Cheibriados
Okawaru

Annotations:
D:3 Grinder


Innate Abilities, Weirdness & Mutations

You cannot wear most types of armour.
You are amphibious.
You can wear up to eight rings at the same time.
You can use your tentacles to constrict eight enemies at once.
Your skin changes colour to match your surroundings (Stealth).
Your rubbery body absorbs attacks (AC +1).


Message History

It was a potion of curing.
You feel better. Grinder hits you!
* * * LOW HITPOINT WARNING * * *
Quiver which item? (- for none, * to show all) (? for menu, Esc to quit)
Quivering
h - a throwing net for throwing.
Throwing (i - inventory. (,) - cycle):
h - a throwing net (quivered)
Press: ? - help, Shift-Dir - straight line, f - Grinder
Aim: Grinder You throw a throwing net.
The throwing net hits Grinder.
Grinder is caught in the net!
Grinder struggles against the net.
Wield which item (- for none, * to show all)? (? for menu, Esc to quit)
a - a +2 dagger (weapon)
You hit Grinder. Your grab misses Grinder. You squeeze Grinder!
Grinder is moderately wounded.
Grinder rolls his eyes.
Grinder gestures at you.
You suddenly lose the ability to move!
Grinder struggles to escape the net.
Grinder says, "FISH!"
Grinder gestures at you. Pain shoots through your body!
You die...

...... .#...
.......# #....
.......###...#..
...............
###
#...........#
....###..#..#
.........##.#
............##
###@5....###
#..........##
#...........#
###..........#
##†...##....#
###### #...#
#..# ###


You could see Grinder (caught).

Vanquished Creatures
  Sigmund (D:2)
  An adder (D:2)
  4 worms (D:2)
  A giant gecko (D:2)
  An orc (D:2)
  A giant cockroach (D:1)
  7 goblins
  7 hobgoblins
  5 bats
  4 kobolds (D:2)
  A quokka (D:2)
  3 rats
36 creatures vanquished.

Vanquished Creatures (others)
  4 toadstools (D:1)
4 creatures vanquished.

Grand Total: 40 creatures vanquished

Notes
Turn   | Place    | Note
--------------------------------------------------------------
     0 | D:1      | patman the Octopode Assassin began the quest for the Orb.
     0 | D:1      | Reached XP level 1. HP: 14/14 MP: 1/1
    79 | D:1      | Reached XP level 2. HP: 16/19 MP: 2/2
   171 | D:1      | Found a shattered altar of Ashenzari.
   487 | D:2      | Found an iron altar of Okawaru.
   501 | D:2      | Became a worshipper of Warmaster Okawaru
   511 | D:2      | Reached XP level 3. HP: 24/24 MP: 3/3
   581 | D:2      | Noticed Sigmund
   651 | D:2      | Killed Sigmund
   651 | D:2      | Reached * piety under Okawaru
   651 | D:2      | Reached skill level 5 in Dodging
   651 | D:2      | Reached XP level 4. HP: 29/29 MP: 4/4
   651 | D:2      | Reached XP level 5. HP: 34/34 MP: 5/5
  1031 | D:2      | Found a snail-covered altar of Cheibriados.
  1209 | D:3      | Noticed Grinder
  1220 | D:3      | Paralysed by Grinder for 7 turns
  1232 | D:3      | Paralysed by Grinder for 4 turns
  1234 | D:3      | Killed from afar by Grinder

Vault maps used:
D:1:      ldierk_water_garden, nicolae_ashenzari_panopticon
D:2:      old_standard_altar, cheibriados_altar_wand_db, uniq_sigmund
D:3:      lemuel_blue_sif_altar, first_bread, uniq_grinder

Action                   |  1- 3 |  4- 6 || total
-------------------------+-------+-------++-------
Melee: Dagger            |    35 |    28 ||    63
 Fire: Blowgun           |     2 |       ||     2
Throw: Throwing net      |       |     1 ||     1
  Use: Scroll            |       |     3 ||     3
       Potion            |       |     1 ||     1
 Stab: Sleeping          |    12 |     4 ||    16
       Distracted        |       |     1 ||     1
  Eat: Chunk             |       |     1 ||     1
